AoeStats
← m_paruch

Arena

510200586Analyzed
1v1 RM · 2d ago on Sep 29, 2026· 26m 2s· 2 players
Game mode
Random Map
Map size
Tiny (2 player)
Population
200
Speed
Normal
Resources
Standard
Victory
Conquest
Starting age
Dark Age
Ending age
Imperial Age
RankedLock teamsTeams togetherTeam positionsShared explorationLock speedFull tech treeHidden civsTurbo modeCheats
Victory
Defeat
🇩🇪 Teutons · Germany
464
+12
🇺🇸 Teutons · United States
379
-12
m_paruch
8:18 Loom
10:58 Feudal Age
12:29 Wheelbarrow
11:35 Horse Collar
11:44 Double-Bit Axe
17:13 Man-at-Arms
22:43 Stone Mining
22:44 Gold Mining
23:38 Forging
23:28 Scale Mail Armor
23:29 Padded Archer Armor
23:19 Fletching
sophia
10:38 Loom
12:24 Feudal Age
13:53 Double-Bit Axe
13:49 Horse Collar
16:37 Castle Age
14:49 Gold Mining
14:57 Stone Mining
15:36 Fletching
17:49 Bow Saw
17:40 Heavy Plow
19:43 Town Watch
23:23 Wheelbarrow
26:31 Ballistics
Connection lost

Rejoining the realm…

Still unreachable

The connection could not be restored.

Session expired

The server has moved on; the page needs a fresh start.